 Dungeon Crawl Stone Soup version 0.24-a0-366-gc1c896e988 (webtiles) character file.

Game seed: 18306483231008438788

81 D1HalberdGnoll the Caller (level 4, -2/25 HPs)
             Began as a Tengu Summoner on May 28, 2019.
             Slain by a sky beast (6 damage)
             ... on level 2 of the Dungeon.
             The game lasted 00:02:31 (1697 turns).

D1HalberdGnoll the Caller (Tengu Summoner)          Turns: 1697, Time: 00:02:32

Health: -2/25      AC:  2    Str:  8    XL:     4   Next: 42%
Magic:  4/8        EV: 13    Int: 16    God:
Gold:   143        SH:  0    Dex: 15    Spells: 2/8 levels left

rFire    . . .     SeeInvis .   f - +0 spear
rCold    . . .     Gourm    .   (no shield)
rNeg     . . .     Faith    .   a - +0 robe
rPois    .         Spirit   .   (helmet restricted)
rElec    .         Reflect  .   (no cloak)
rCorr    .         Harm     .   (no gloves)
MR       .....                  (boots unavailable)
Stlth    ++........             (no amulet)
HPRegen  0.08/turn              (no ring)
MPRegen  0.11/turn              (no ring)

@: no status effects
A: beak, talons 3
a: no special abilities


You were on level 2 of the Dungeon.
You were hungry.

You visited 1 branch of the dungeon, and saw 2 of its levels.

You collected 143 gold pieces.

Inventory:

Hand Weapons
 f - a +0 spear (weapon)
Armour
 a - a +0 robe (worn)
Jewellery
 n - an uncursed amulet of rage {unknown}
Scrolls
 d - a scroll of identify {unknown}
 i - a scroll of enchant weapon {unknown}
 k - 3 scrolls of amnesia {unknown}
 l - a scroll of enchant armour {unknown}
 m - a scroll of remove curse {unknown}
Potions
 b - a potion of agility {unknown}
 e - 2 potions of ambrosia {unknown}
 h - a potion of heal wounds {unknown}
 j - a potion of degeneration {unknown}
Comestibles
 c - 3 rations


   Skills:
 + Level 1.4 Fighting
 + Level 2.9 Dodging
 - Level 2.0 Stealth
 + Level 2.5 Spellcasting
 * Level 5.7 Summonings


You had 2 spell levels left.
You knew the following spells:

 Your Spells              Type           Power        Failure   Level  Hunger
a - Summon Small Mammal   Summ           ###.         1%          1    #......
b - Call Imp              Summ           ###.....     2%          2    ##.....
c - Call Canine Familiar  Summ           ###.....     5%          3    ###....

Your spell library contained the following spells:

 Spells                   Type           Power        Failure   Level  Hunger
 Summon Guardian Golem    Hex/Summ       ##......     19%         3    ###....
 Summon Ice Beast         Ice/Summ       ##......     52%         4    #####..
 Summon Lightning Spire   Summ/Air       ##......     52%         4    #####..


Dungeon Overview and Level Annotations

Branches:
Dungeon (2/15)

Altars:
Elyvilon
Gozag
Xom


Innate Abilities, Weirdness & Mutations

You have a beak for a mouth.
You have claws for feet.


Message History

Deactivating autopickup; reactivate with Ctrl-A.
Your hound closely misses something.
Your hound closely misses something.
A sky beast appears from thin air!
Reactivating autopickup.
There is an open door here.
You hit the sky beast. You peck the sky beast.
The sky beast is heavily wounded.
Your hound bites the kobold.
The kobold dies!
The sky beast hits you.
* * * LOW HITPOINT WARNING * * *
The sky beast shocks you.
* * * LOW HITPOINT WARNING * * *
Casting: Call Canine Familiar (safe; 5% risk of failure)
Confirm with . or Enter, or press ? or * to list all spells.
Your hound closely misses the sky beast.
The sky beast hits you.
* * * LOW HITPOINT WARNING * * *
The sky beast shocks you.
You die...

#.............
##.....
#......####.###.#
#..... #......'..#.#
.# #.....
#......##.#.###.#
#####'
#.........#.#...###
#.
######.#..#...<...#
#. #####+#..#.....?.#
#. .......)##.......+
#.
###.....@Yh(.†...####
#.
........###.†.......#
##
.......b#...........#
........#........####
.....##.#.....?......
..... #.##........###
.>... #..>........#
#. .(..........#
#####.......#


You could see a sky beast, a friendly hound and a friendly bat.

Vanquished Creatures
  2 dart slugs (D:1)
  A giant cockroach (D:2)
  3 goblins
  A hobgoblin (D:2)
  2 bats (D:1)
  4 frilled lizards (D:2)
  4 rats
17 creatures vanquished.

Vanquished Creatures (collateral kills)
  A black bear (D:2)
  An adder (D:2)
  A worm (D:2)
  2 dart slugs (D:1)
  A leopard gecko (D:1)
  3 bats
  3 goblins (D:1)
  A frilled lizard (D:1)
  5 kobolds
  A rat (D:2)
19 creatures vanquished.

Grand Total: 36 creatures vanquished

Notes
Turn   | Place    | Note
-------+----------+-------------------------------------------
     0 | D:1      | D1HalberdGnoll the Tengu Summoner began the quest for the
                  | Orb.
     0 | D:1      | Reached XP level 1. HP: 10/10 MP: 4/4
   218 | D:1      | Reached skill level 5 in Summonings
   226 | D:1      | Reached XP level 2. HP: 7/16 MP: 4/6
   550 | D:1      | Learned a level 2 spell: Call Imp
  1154 | D:2      | Found a white marble altar of Elyvilon.
  1209 | D:2      | Reached XP level 3. HP: 9/20 MP: 5/7
  1210 | D:2      | Noticed a black bear
  1393 | D:2      | Learned a level 3 spell: Call Canine Familiar
  1410 | D:2      | Found a shimmering altar of Xom.
  1449 | D:2      | Killed a black bear
  1449 | D:2      | Reached skill level 1 in Fighting
  1449 | D:2      | Reached XP level 4. HP: 25/25 MP: 1/8
  1523 | D:2      | Found an opulent altar of Gozag.
  1681 | D:2      | Noticed a sky beast
  1697 | D:2      | Slain by a sky beast

Levels and vault maps discovered:
D:1:      dpeg_arrival_lava_temple_mockup, layout_basic
D:2:      layout_basic, old_standard_altar, lemuel_zombie_altar_yredelemnul,
          nicolae_overflow_hidden_temple, first_ration, grunt_gozag_breadcrumbs

Skill      XL: |  1  2  3 |
---------------+----------+-----
Summonings     | 5 |  5.7
Fighting       | 1 |  1.4
Dodging        | |  2.9
Stealth        | |  2.0
Spellcasting   | |  2.5

Action                   |  1- 3 |  4- 6 || total
-------------------------+-------+-------++-------
Melee: Unarmed           |     3 |       ||     3
       Spear             |    38 |    12 ||    50
       Peck              |     2 |     1 ||     3
       Kick              |     8 |     1 ||     9
 Cast: Summon Small Mamm |    14 |     1 ||    15
       Call Imp          |     8 |     1 ||     9
       Call Canine Famil |     1 |     2 ||     3
 Stab: Sleeping          |     2 |       ||     2
  Eat: Chunk             |     2 |     1 ||     3
Armor: Robe              |     8 |     2 ||    10
Dodge: Dodged            |    29 |     7 ||    36

Table legend:
 A = Non-vault XP
 B = Vault XP
 C = Vault XP percentage of total XP
 D = Non-vault monster count
 E = Vault monster count
 F = Vault count percentage of total count
                 A         B        C        D         E       F
            +---------+---------+-------+---------+---------+-------
      Total |     117 |       0 |   0.0 |      36 |       0 |   0.0
            +---------+---------+-------+---------+---------+-------
        D:1 |      28 |       0 |   0.0 |      20 |       0 |   0.0
        D:2 |      89 |       0 |   0.0 |      16 |       0 |   0.0
            +---------+---------+-------+---------+---------+-------
